 Dungeon Crawl Stone Soup version 0.28.0-45-g0d030f2227 (webtiles) character file.

Game seed: 5618000201383996540

461 Bliebski the Ducker (level 6, -4/49 HPs)
             Began as a Demonspawn Gladiator on Apr 22, 2022.
             Slain by a gnoll
             ... wielding a +1 vampiric halberd
              (10 damage)
             ... on level 4 of the Dungeon.
             The game lasted 00:10:41 (3477 turns).

Bliebski the Ducker (Demonspawn Gladiator)          Turns: 3477, Time: 00:10:42

Health: -4/49      AC:  7    Str: 17    XL:     6   Next: 79%
Magic:  6/6        EV: 11    Int:  9    God:
Gold:   72         SH:  0    Dex: 14    Spells: 5/5 levels left

rFire   . . .      SeeInvis .   h - +1 dagger (protect)
rCold   . . .      Faith    .   (no shield)
rNeg    . . .      Spirit   .   t - +0 scale mail
rPois   .          Reflect  .   c - +0 helmet
rElec   .          Harm     .   (no cloak)
rCorr   .          Rampage  .   (no gloves)
Will    .....                   (no boots)
Stlth   ..........              e - amulet of magic regeneration
HPRegen 0.16/turn               (no ring)
MPRegen 0.50/turn               (no ring)

@: no status effects
A: hooves 1, powered by death 2
a: no special abilities


You were on level 4 of the Dungeon.
You visited 1 branch of the dungeon, and saw 4 of its levels.

You collected 72 gold pieces.

Inventory:

Hand Weapons
 a - a +0 rapier
 h - a +1 dagger of protection (weapon)
 k - a +0 hunting sling
 m - a +0 war axe
Missiles
 d - 2 throwing nets (quivered)
 l - 5 poisoned darts
 y - 45 stones
Armour
 b - a +0 leather armour
 c - a +0 helmet (worn)
 t - a +0 scale mail (worn)
Magical Staves
 r - a staff of air
Jewellery
 e - an amulet of magic regeneration (around neck)
 g - a ring of flight
Scrolls
 i - 3 scrolls of identify {unknown}
 j - a scroll of teleportation {unknown}
 o - a scroll of fog {unknown}
 u - a scroll of torment {unknown}
 w - a scroll of immolation {unknown}
Potions
 f - a potion of cancellation {unknown}
 n - a potion of brilliance {unknown}
 p - a potion of flight {unknown}
 q - 3 potions of lignification {unknown}
 s - a potion of haste {unknown}
 v - a potion of might {unknown}
 x - a potion of heal wounds {unknown}


   Skills:
 + Level 4.3 Fighting
 - Level 4.0 Short Blades
 - Level 2.0 Throwing
 + Level 2.2 Armour
 + Level 4.4 Dodging


You had 5 spell levels left.
You didn't know any spells.
Your spell library contained the following spells:

 Spells                   Type           Power      Damage    Failure   Level
 Portal Projectile        Hex/Tloc       0%         N/A       99%         3
 Blade Hands              Tmut           0%         N/A       100%        5
 Excruciating Wounds      Necr           0%         N/A       100%        5


Dungeon Overview and Level Annotations

Branches:
Dungeon (4/15)
 Temple: D:4-7

Altars:
Uskayaw

Shops:
D:2 (

Annotations:
D:2 exclusion: downstairs
D:3 Grinder
D:4 exclusion: upstairs


Innate Abilities, Weirdness & Mutations

You have large cloven feet.
You regenerate health from kills.


Message History

The gnoll closely misses you.
The gnoll shaman calls upon its god to speed up the gnoll.
The gnoll seems to speed up.
Things that are here:
a +0 club; a gnoll corpse You barely miss the gnoll shaman.
You punch the gnoll shaman.
The gnoll shaman is lightly wounded.
The gnoll shaman closely misses you.
You closely miss the gnoll shaman.
You kick the gnoll shaman, but do no damage.
The gnoll shaman is lightly wounded.
The gnoll hits you from afar with a +1 vampiric halberd.
You closely miss the gnoll shaman. You kick the gnoll shaman.
The gnoll shaman is lightly wounded.
The gnoll hits you from afar with a +1 vampiric halberd.
The gnoll shaman hits you with a +0 whip!
The gnoll hits you from afar with a +1 vampiric halberd.
You barely miss the gnoll shaman.
The gnoll shaman is lightly wounded.
The gnoll shaman barely misses you. The gnoll barely misses you.
You hit the gnoll shaman but do no damage.
Your weapon exudes an aura of protection.
You kick the gnoll shaman, but do no damage.
The gnoll shaman is lightly wounded.
The gnoll hits you from afar with a +1 vampiric halberd!
The gnoll shaman calls down the wrath of its god upon you.
You resist with some effort.
You closely miss the gnoll shaman.
The gnoll shaman is lightly wounded.
The gnoll hits you from afar with a +1 vampiric halberd.
The gnoll shaman hits you but does no damage.
You barely miss the gnoll shaman.
You kick the gnoll shaman, but do no damage.
The gnoll shaman is lightly wounded.
The gnoll hits you from afar with a +1 vampiric halberd!
* * * LOW HITPOINT WARNING * * *
The gnoll closely misses you. The gnoll barely misses you.
The gnoll hits you from afar with a +1 vampiric halberd!
You die...

..#.##..#.#......................
.............#....#.......#.#.###
......[...#..#..#.#+#####.#.#.#
..........#..#..#.....# #.#.#.#
..........#...........# #)#.#.#
######..#.######.#....# #)#.#.#
........#......(......# #.#.#.#
#######.########......###)#.#..
................@.........#.####
########.#######g..............#
# #<# #.# #..g............# # #.#
#.#######...............# #
##.###........##.............# #
#....'........###.)..........# #
######........# #............#
########........####.####.#.####
......##........#.......)...#


You could see a gnoll shaman and a gnoll (fast).

Vanquished Creatures
  A black bear (D:4)
  A necrophage (D:4)
  Natasha (thrice) (D:4)
  2 iguanas (D:4)
  Robin (D:4)
  2 gnolls (D:4)
  An adder (D:2)
  5 worms
  3 dart slugs
  An orc (D:4)
  4 bats
  6 endoplasms
  A giant cockroach (D:2)
  12 goblins
  11 hobgoblins
  20 jackals
  7 kobolds
  6 quokkas
  5 ball pythons
  5 frilled lizards
  6 rats
103 creatures vanquished.

Notes
Turn   | Place    | Note
-------+----------+-------------------------------------------
     0 | D:1      | Bliebski the Demonspawn Gladiator began the quest for the
                  | Orb.
     0 | D:1      | Reached XP level 1. HP: 16/16 MP: 1/1
   172 | D:1      | Gained mutation: You have large cloven feet. [demonic
                  | ancestry]
   172 | D:1      | Reached XP level 2. HP: 6/22 MP: 2/2
   631 | D:1      | Reached XP level 3. HP: 26/28 MP: 3/3
   730 | D:1      | Found a faded altar of an unknown god.
  1447 | D:2      | Gained mutation: You regenerate a little health from kills.
                  | [demonic ancestry]
  1447 | D:2      | Reached XP level 4. HP: 29/35 MP: 4/4
  1697 | D:2      | Found a hide-covered altar of Uskayaw.
  1764 | D:2      | Found Mell's Weapon Emporium.
  2278 | D:3      | Noticed Grinder
  2282 | D:3      | Paralysed by Grinder for 3 turns
  2559 | D:4      | Noticed Natasha
  2576 | D:4      | Killed Natasha
  2577 | D:4      | Gained mutation: You regenerate health from kills. [demonic
                  | ancestry]
  2577 | D:4      | Reached XP level 5. HP: 36/41 MP: 5/5
  2638 | D:4      | Noticed Natasha
  2652 | D:4      | Killed Natasha
  2722 | D:4      | Noticed Natasha
  2739 | D:4      | Killed Natasha
  2740 | D:4      | Reached skill level 1 in Armour
  2845 | D:4      | Noticed a necrophage
  2881 | D:4      | Killed a necrophage
  2882 | D:4      | Reached XP level 6. HP: 33/48 MP: 6/6
  3000 | D:4      | Noticed Robin
  3145 | D:4      | Killed Robin
  3477 | D:4      | Slain by a gnoll

Illustrated notes

Levels and vault maps discovered:
D:1:      dpeg_arrival_pits, layout_basic, ebering_ecumenical_altar_mist,
          serial_aquarium, aquarium_bridge_long_joined
          [aquarium_subvault_window, aquarium_subvault_bridge,
          aquarium_subvault_bridge, aquarium_subvault_bridge,
          aquarium_subvault_bridge, aquarium_subvault_wall],
          aquarium_bridge_square [aquarium_subvault_bridge,
          aquarium_subvault_wall, aquarium_subvault_wall,
          aquarium_subvault_window], aquarium_window_corner, aquarium_window_1,
          aquarium_view_2b, aquarium_view_2d, aquarium_pool_corner
D:2:      layout_loops_cross, basic_altar, serial_shops,
          nicolae_shop_bloodbath_and_beyond
D:3:      layout_loops_cross, ebering_ghost_sewer_d, uniq_grinder
D:4:      layout_basic, minmay_misc_feat_rows, uniq_natasha, uniq_robin

Skill      XL: |  1  2  3  4  5  6 |
---------------+-------------------+-----
Throwing       | 2 |  2.0
Dodging        | 3 4 |  4.4
Short Blades   | 3 4 |  4.0
Fighting       | 3 4 |  4.3
Armour         | 1 2 |  2.2

Action                   |  1- 3 |  4- 6 || total
-------------------------+-------+-------++-------
Melee: Rapier            |    85 |       ||    85
       Punch             |     4 |     2 ||     6
       Kick              |    20 |    96 ||   116
       Dagger            |    38 |   292 ||   330
Throw: Throwing net      |     1 |       ||     1
 Stab: Sleeping          |     3 |       ||     3
Armor: Leather armour    |    36 |    18 ||    54
       Scale mail        |       |    88 ||    88
Dodge: Dodged            |    81 |   130 ||   211
